 Dungeon Crawl Stone Soup version 0.27.1-35-g4d5d836560 (console) character file.

Game seed: 3631726657907990166

179 grimtooth the Stinger (level 5, -6/35 HPs)
             Began as a Merfolk Venom Mage on May 5, 2022.
             Killed from afar by Blork the orc (7 damage)
             ... with a puff of frost
             ... on level 4 of the Dungeon.
             The game lasted 00:17:22 (3994 turns).

grimtooth the Stinger (Merfolk Venom Mage)          Turns: 3994, Time: 00:17:22

Health: -6/35      AC:  4    Str:  9    XL:     5   Next: 59%
Magic:  0/10       EV: 12    Int: 15    God:
Gold:   111        SH:  0    Dex: 14    Spells: 8/11 levels left

rFire    . . .     SeeInvis .   b - +0 hunting sling
rCold    . . .     Faith    .   (no shield)
rNeg     . . .     Spirit   .   e - +0 leather armour
rPois    .         Reflect  .   (no helmet)
rElec    .         Harm     .   (no cloak)
rCorr    .         Rampage  .   w - +0 pair of gloves
Will     .....                  (no boots)
Stlth    ++........             (no amulet)
HPRegen  0.11/turn              (no ring)
MPRegen  0.12/turn              (no ring)

@: attractive
A: (nimble swimmer 2), mertail
a: no special abilities


You were on level 4 of the Dungeon.
You visited 1 branch of the dungeon, and saw 4 of its levels.

You collected 111 gold pieces.

Inventory:

Hand Weapons
 b - a +0 hunting sling (weapon)
 l - a +0 dagger
Missiles
 j - 32 sling bullets
 o - 96 stones (quivered ammo)
 v - 21 poisoned darts
Armour
 a - a +0 robe
 e - a +0 leather armour (worn)
 w - a +0 pair of gloves (worn)
Jewellery
 f - a ring of positive energy
Wands
 t - a wand of mindburst (13)
 u - a wand of polymorph (14)
Scrolls
 c - 2 scrolls of fog {unknown}
 d - 2 scrolls of noise {unknown}
 g - a scroll of torment {unknown}
 i - 2 scrolls of enchant armour {unknown}
 k - 2 scrolls of fear {unknown}
 m - a scroll of teleportation {unknown}
 p - 2 scrolls of identify {unknown}
 r - a scroll of amnesia {unknown}
 x - a scroll of brand weapon {unknown}
Potions
 h - a potion of resistance {unknown}
 n - a potion of cancellation {unknown}
 q - a potion of haste {unknown}


   Skills:
 - Level 2.6 Dodging
 - Level 2.1 Stealth
 + Level 3.9 Spellcasting
 - Level 1.3 Transmutations
 + Level 5.2 Poison Magic


You had 8 spell levels left.
You knew the following spells:

 Your Spells              Type           Power      Damage    Failure   Level
a - Sting                 Tmut/Pois      48%        1d5       7%          1
b - Poisonous Vapours     Pois/Air       20%        N/A       13%         2

Your spell library contained the following spells:

 Spells                   Type           Power      Damage    Failure   Level
 Magic Dart               Conj           8%         1d3       26%         1
 Olgreb's Toxic Radiance  Pois           18%        N/A       28%         4
 Call Imp                 Summ           2%         N/A       36%         2
 Mephitic Cloud           Conj/Pois/Air  8%         N/A       36%         3
 Portal Projectile        Hex/Tloc       4%         N/A       61%         3
 Blade Hands              Tmut           3%         N/A       99%         5
 Excruciating Wounds      Necr           1%         N/A       100%        5


Dungeon Overview and Level Annotations

Branches:
Dungeon (4/15)
 Temple: D:4-7

Altars:

Annotations:
D:4 Blork the orc


Innate Abilities, Weirdness & Mutations

((You are quick and stealthy near water. (Stealth+, EV+, Speed+++)))
Your lower body shifts to a powerful aquatic tail in water.


Message History

Confirm with . or Enter, or press ? or * to list all spells.
Aiming: Sting (safe; 7% risk of failure)
Press: ? - help, Shift-Dir - straight line, f/p - Blork the orc
Aim: Blork the orc, wielding a +0 war axe and wearing a +0 robe (moderately wounded, fast, extremely poisoned, 75% to hit)
The sting misses Blork the orc.
Blork the orc misses you.
Blork the orc gestures at you while chanting.
The magic dart hits you!
Blork the orc looks angry.
Blork the orc barely misses you.
Your magical contamination has completely faded away.
Casting: Sting (safe; 7% risk of failure)
Confirm with . or Enter, or press ? or * to list all spells.
Aiming: Sting (safe; 7% risk of failure)
Press: ? - help, Shift-Dir - straight line, f/p - Blork the orc
Aim: Blork the orc, wielding a +0 war axe and wearing a +0 robe (heavily wounded, fast, very poisoned, 75% to hit)
The sting hits Blork the orc but does no damage.
Blork the orc looks as sick as possible!
Blork the orc is heavily wounded.
Blork the orc hits you with a +0 war axe!
* * * LOW HITPOINT WARNING * * *
Blork the orc closely misses you.
An adder comes into view.
Press: ? - help, v - describe, . - travel
Here: Blork the orc, wielding a +0 war axe and wearing a +0 robe (severely wounded, fast, very poisoned)
The floor.
Unknown command.
Press: ? - help, v - describe, . - travel
Here: Blork the orc, wielding a +0 war axe and wearing a +0 robe (severely wounded, fast, very poisoned)
The floor.
Okay, then.
Okay, then.
An adder comes into view.
Blork the orc points at you and mumbles some strange words.
The magic dart hits you.
* * * LOW HITPOINT WARNING * * *
It was a potion of attraction.
You feel attractive to monsters.
Blork the orc gestures at you while chanting.
The puff of frost hits you!
You die...

...............
#....#
.....).......[.
#....#
.........#8###8
#....#
.........###
...##....#
..........######
..S8#....#
...............#
...#######
...............#
...#
########.......#
..S## ##......#
...8#
#......##...#
#......o@...#
#......######
#......#
########


You could see Blork the orc (fast, very poisoned) and 2 adders.

Vanquished Creatures
  An orc priest (D:3)
  A howler monkey skeleton (D:3)
  A gnoll (D:1)
  4 adders
  An ufetubus (D:3)
  A dart slug (D:2)
  10 orcs
  7 endoplasms
  5 giant cockroaches
  7 goblins
  7 hobgoblins
  5 jackals (D:1)
  6 kobolds
  2 quokkas (D:3)
  2 ball pythons
  2 bats
  3 frilled lizards
  6 rats
71 creatures vanquished.

Notes
Turn   | Place    | Note
-------+----------+-------------------------------------------
     0 | D:1      | grimtooth the Merfolk Venom Mage began the quest for the
                  | Orb.
     0 | D:1      | Reached XP level 1. HP: 13/13 MP: 3/3
   101 | D:1      | - this is ridiculous
   125 | D:1      | Reached XP level 2. HP: 13/19 MP: 3/5
   508 | D:1      | Reached XP level 3. HP: 24/24 MP: 4/6
   513 | D:1      | Reached skill level 4 in Poison Magic
  1066 | D:2      | Learned a level 2 spell: Poisonous Vapours
  1411 | D:2      | Reached XP level 4. HP: 26/30 MP: 4/8
  2605 | D:3      | Reached XP level 5. HP: 21/35 MP: 1/10
  2731 | D:3      | Reached skill level 5 in Poison Magic
  2739 | D:3      | Found a faded altar of an unknown god.
  3972 | D:4      | Noticed Blork the orc
  3993 | D:4      | HP: 1/35 [Blork the orc/magic dart (4)]
  3994 | D:4      | Killed from afar by Blork the orc

Illustrated notes

.. #<# #. #### #.#
#.####...#### #.#
#............ #.#
#.........### ##.#
##.#......... ##..#
#.####.#.#...######...#
#.....K#.#..## ##....+
#####..#.#..#...#..8..#
#..g....g........##....#
#.####..#@#...... ##...#
#............ ##..#
#..##........ ##(# #..
#........####..# #..
#....g.....##.## #..
#.............# #.
###.#.#....####
.#.####.###### #.g.†..#
...?....####.# ..g#>#..#
#.#


Turn 101 on D:1: - this is ridiculous

Levels and vault maps discovered:
D:1:      amcnicky_arrival_feature_with_door, layout_loops_ring
D:2:      layout_basic
D:3:      minmay_chambers_of_twos, layout_loops_corners,
          shapermc_ecumenical_altar_pompeii, chequers_hall_statues_corner_a
D:4:      layout_rooms, serial_corexii_hall, corexii_hall_statues_s,
          corexii_hall_statues_l, chequers_hall_statues_corner_a,
          chequers_hall_statues_y, uniq_blork_the_orc

Skill      XL: |  1  2  3  4  5 |
---------------+----------------+-----
Poison Magic   | 4 5 |  5.2
Spellcasting   | 3 |  3.9
Dodging        | |  2.6
Stealth        | |  2.1
Transmutations | |  1.3

Action                   |  1- 3 |  4- 6 || total
-------------------------+-------+-------++-------
Melee: Dagger            |       |    23 ||    23
 Fire: Hunting sling     |       |    51 ||    51
Throw: Stone             |    11 |    13 ||    24
 Cast: Sting             |    44 |    55 ||    99
       Poisonous Vapours |       |     8 ||     8
  Use: Potion            |       |     1 ||     1
Armor: Robe              |     4 |       ||     4
       Leather armour    |     8 |    14 ||    22
Dodge: Dodged            |    17 |    39 ||    56
